SKY
ARIZONA DIAMONDBACKS @ FRESNO FALCONS
04/30/2052
 
TOP OF THE 1ST
Arizona Diamondbacks batting - Pitching for Fresno Falcons : LHP Hunter Wade
Pitching: LHP Hunter Wade
Batting: RHB Gaius Raton 0-0: Ball
1-0: Ground out 4-3 (Groundball, 34D, EV 89.4 MPH)
Batting: LHB Wil Solís 0-0: Ball
1-0: Foul Ball, location: 25F
1-1: Swinging Strike
1-2: Ball
2-2: Ball
3-2: SINGLE (Groundball, 34D, EV 103.1 MPH)
Batting: LHB Peter Conrad 0-0: Ball
1-0: Ball
2-0: Fly out, F5 (Popup, 6S, EV 68.8 MPH)
Batting: LHB Glenn Pichardo 0-0: Ball
1-0: Foul Ball, location: 2F
1-1: Ball
2-1: Swinging Strike
2-2: Foul Ball, location: 5SF
2-2: Strikes out swinging
Top of the 1st over - 0 runs, 1 hit, 0 errors, 1 left on base; Arizona 0 - Fresno 0
BOTTOM OF THE 1ST
Fresno Falcons batting - Pitching for Arizona Diamondbacks : RHP A.J. Evans
Pitching: RHP A.J. Evans
Batting: LHB Luca Flores 0-0: Ground out 1-3 (Groundball, 34S, EV 67.5 MPH)
Batting: RHB Zach Pryor 0-0: Ball
1-0: Foul Ball, location: 9LMF
1-1: Ball
2-1: Fly out, F9 (Flyball, 89M, EV 90.6 MPH)
Batting: LHB Juan Oliu 0-0: Called Strike
0-1: Foul Ball, location: 2F
0-2: SINGLE (Groundball, 6MD, EV 98.8 MPH)
Batting: RHB Apolo Tussey 0-0: Foul Ball, location: 2F
0-1: Ball
1-1: Fly out, F6 (Popup, 6M, EV 60.0 MPH)
Bottom of the 1st over - 0 runs, 1 hit, 0 errors, 1 left on base; Arizona 0 - Fresno 0
TOP OF THE 2ND
Arizona Diamondbacks batting - Pitching for Fresno Falcons : LHP Hunter Wade
Batting: RHB Duncan Hancock 0-0: Called Strike
0-1: Foul Ball, location: 2LF
0-2: Ball
1-2: Strikes out swinging
Batting: RHB Micah Callis 0-0: Called Strike
0-1: Swinging Strike
0-2: Strikes out swinging
Batting: RHB Luís Estrada 0-0: Ground out 5-3 (Groundball, 56, EV 81.9 MPH)
Top of the 2nd over - 0 runs, 0 hits, 0 errors, 0 left on base; Arizona 0 - Fresno 0
BOTTOM OF THE 2ND
Fresno Falcons batting - Pitching for Arizona Diamondbacks : RHP A.J. Evans
Batting: RHB Eric Alvares 0-0: Ball
1-0: Foul Ball, location: 9LMF
1-1: Ground out 4-3 (Groundball, 4, EV 82.5 MPH)
Batting: RHB Jack Montemayor 0-0: Called Strike
0-1: Foul Ball, location: 9LMF
0-2: Ball
1-2: Foul Ball, location: 7LSF
1-2: Strikes out swinging
Batting: LHB Everett Hardin 0-0: Called Strike
0-1: Ball
1-1: SINGLE (Groundball, 56D, EV 89.4 MPH) (infield hit)
Batting: RHB Cody McGuire 0-0: Fly out, F9 (Flyball, 9D, EV 92.5 MPH)
Bottom of the 2nd over - 0 runs, 1 hit, 0 errors, 1 left on base; Arizona 0 - Fresno 0
TOP OF THE 3RD
Arizona Diamondbacks batting - Pitching for Fresno Falcons : LHP Hunter Wade
Batting: RHB Josef Horne 0-0: Called Strike
0-1: Ball
1-1: Swinging Strike
1-2: Strikes out swinging
Batting: SHB Enrique Mata 0-0: Ball
1-0: Ground out 6-3 (Groundball, 6, EV 102.5 MPH)
Batting: RHB Gaius Raton 0-0: Ground out 6-3 (Groundball, 6, EV 92.5 MPH)
Top of the 3rd over - 0 runs, 0 hits, 0 errors, 0 left on base; Arizona 0 - Fresno 0
BOTTOM OF THE 3RD
Fresno Falcons batting - Pitching for Arizona Diamondbacks : RHP A.J. Evans
Batting: SHB John Wheeler 0-0: SOLO HOME RUN (Flyball, 9D, EV 92.5 MPH), Distance : 363 ft
Batting: LHB Luca Flores 0-0: Ball
1-0: Called Strike
1-1: Swinging Strike
1-2: Strikes out looking
Batting: RHB Zach Pryor 0-0: Called Strike
0-1: Ball
1-1: Swinging Strike
1-2: Foul Ball, location: 5F
1-2: Ground out 5-3 (Groundball, 5S, EV 70.6 MPH)
Batting: LHB Juan Oliu 0-0: Ball
1-0: Called Strike
1-1: Foul Ball, location: 3SF
1-2: Ground out 4-3 (Groundball, 4S, EV 85.6 MPH)
Bottom of the 3rd over - 1 run, 1 hit, 0 errors, 0 left on base; Arizona 0 - Fresno 1
TOP OF THE 4TH
Arizona Diamondbacks batting - Pitching for Fresno Falcons : LHP Hunter Wade
Batting: LHB Wil Solís 0-0: Ball
1-0: Foul Ball, location: 2F
1-1: Ball
2-1: Ground out 2-3 (Groundball, 13S, EV 75.6 MPH)
Batting: LHB Peter Conrad 0-0: Called Strike
0-1: Foul Ball, location: 2F
0-2: Foul Ball, location: 2F
0-2: Ball
1-2: Strikes out swinging
Batting: LHB Glenn Pichardo 0-0: Called Strike
0-1: DOUBLE (Line Drive, 5D, EV 99.4 MPH)
Batting: RHB Duncan Hancock 0-0: Called Strike
0-1: Called Strike
0-2: Ball
1-2: Foul Ball, location: 9LSF
1-2: Ball
2-2: Ground out 6-3 (Groundball, 6, EV 82.5 MPH)
Top of the 4th over - 0 runs, 1 hit, 0 errors, 1 left on base; Arizona 0 - Fresno 1
BOTTOM OF THE 4TH
Fresno Falcons batting - Pitching for Arizona Diamondbacks : RHP A.J. Evans
Batting: RHB Apolo Tussey 0-0: Foul Ball, location: 23F
0-1: Foul Ball, location: 5SF
0-2: Ball
1-2: Ground out 6-3 (Groundball, 6, EV 83.1 MPH)
Batting: RHB Eric Alvares 0-0: Foul Ball, location: 2F
0-1: Swinging Strike
0-2: Ball
1-2: Foul Ball, location: 2F
1-2: Foul Ball, location: 5FF
1-2: Ball
2-2: Strikes out looking
Batting: RHB Jack Montemayor 0-0: Ball
1-0: Called Strike
1-1: Fly out, F8 (Line Drive, 8RD, EV 96.3 MPH)
Bottom of the 4th over - 0 runs, 0 hits, 0 errors, 0 left on base; Arizona 0 - Fresno 1
TOP OF THE 5TH
Arizona Diamondbacks batting - Pitching for Fresno Falcons : LHP Hunter Wade
Batting: RHB Micah Callis 0-0: Foul Ball, location: 25F
0-1: Ground out 6-3 (Groundball, 4M, EV 95.6 MPH)
Batting: RHB Luís Estrada 0-0: Ball
1-0: Foul Ball, location: 2F
1-1: Swinging Strike
1-2: Ball
2-2: Ball
3-2: Base on Balls
Batting: RHB Josef Horne 0-0: Called Strike
0-1: Ball
1-1: Foul Ball, location: 9LDF
1-2: Ball
2-2: Ball
3-2: Strikes out looking
Batting: SHB Enrique Mata 0-0: Ball
1-0: Foul Ball, location: 25F
1-1: Swinging Strike
1-2: Ball
2-2: Ball
3-2: Foul Ball, location: 5DF
3-2: Foul Ball, location: 25F
3-2: Base on Balls
Luís Estrada to second
Batting: RHB Gaius Raton 0-0: Ball
1-0: Called Strike
1-1: Foul Ball, location: 3F
1-2: Foul Ball, location: 2F
1-2: Ball
2-2: Fly out, F8 (Flyball, 8RD, EV 109.4 MPH)
Top of the 5th over - 0 runs, 0 hits, 0 errors, 2 left on base; Arizona 0 - Fresno 1
BOTTOM OF THE 5TH
Fresno Falcons batting - Pitching for Arizona Diamondbacks : RHP A.J. Evans
Batting: LHB Everett Hardin 0-0: Ball
1-0: Ball
2-0: Foul Ball, location: 3FF
2-1: SINGLE (Line Drive, 3D, EV 96.3 MPH)
Batting: RHB Cody McGuire 0-0: Sac Bunt to 23 - play at first, batter OUT! 3-4
Everett Hardin to second
Batting: SHB John Wheeler 0-0: Ball
1-0: Swinging Strike
1-1: Ground out 4-3 (Groundball, 34, EV 91.3 MPH)
Everett Hardin to third
Batting: LHB Luca Flores 0-0: Ball
1-0: Foul Ball, location: 3SF
1-1: Swinging Strike
1-2: Foul Ball, location: 7LDF
1-2: Ball
2-2: Foul Ball, location: 25F
2-2: Foul Ball, location: 2F
2-2: Ball
3-2: Fly out, F8 (Flyball, 8LD, EV 80.6 MPH)
Bottom of the 5th over - 0 runs, 1 hit, 0 errors, 1 left on base; Arizona 0 - Fresno 1
TOP OF THE 6TH
Arizona Diamondbacks batting - Pitching for Fresno Falcons : LHP Hunter Wade
Batting: LHB Wil Solís 0-0: Swinging Strike
0-1: Ball
1-1: Ball
2-1: Ball
3-1: Ground out 6-3 (Groundball, 6S, EV 76.9 MPH)
Batting: LHB Peter Conrad 0-0: Ball
1-0: Ball
2-0: Called Strike
2-1: SINGLE (Line Drive, 6MD, EV 93.8 MPH)
Pitching: LHP Gary Spears
Batting: LHB Glenn Pichardo 0-0: Called Strike
0-1: Fly out, F9 (Flyball, 9, EV 90.6 MPH)
Batting: RHB Duncan Hancock 0-0: Swinging Strike
0-1: Foul Ball, location: 9LDF
0-2: Foul Ball, location: 2F
0-2: Ground out 4-3 (Groundball, 34, EV 87.5 MPH)
Top of the 6th over - 0 runs, 1 hit, 0 errors, 1 left on base; Arizona 0 - Fresno 1
BOTTOM OF THE 6TH
Fresno Falcons batting - Pitching for Arizona Diamondbacks : RHP A.J. Evans
Batting: RHB Zach Pryor 0-0: Called Strike
0-1: Ball
1-1: Called Strike
1-2: Fly out, F6 (Popup, 15, EV 85.6 MPH)
Batting: LHB Juan Oliu 0-0: Called Strike
0-1: Ball
1-1: Ball
2-1: Called Strike
2-2: Foul Ball, location: 23F
2-2: Ball
3-2: Strikes out swinging
Batting: RHB Apolo Tussey 0-0: Called Strike
0-1: Fly out, F9 (Line Drive, 9LM, EV 96.3 MPH)
Bottom of the 6th over - 0 runs, 0 hits, 0 errors, 0 left on base; Arizona 0 - Fresno 1
TOP OF THE 7TH
Arizona Diamondbacks batting - Pitching for Fresno Falcons : LHP Gary Spears
Batting: RHB Micah Callis 0-0: Foul Ball, location: 23FF
0-1: Ball
1-1: SINGLE (Groundball, 34D, EV 98.8 MPH)
Batting: RHB Luís Estrada 0-0: Ball
1-0: Foul Ball, location: 9LSF
1-1: Ball
2-1: Sac Bunt to 2R - play at second, runner OUT! 2-6
Batting: RHB Josef Horne 0-0: Called Strike
0-1: Ball
1-1: Ball
2-1: Called Strike
2-2: Strikes out swinging
Batting: SHB Enrique Mata 0-0: Fielders Choice at 2nd, 6-4 (Groundball, 56, EV 86.9 MPH)
Top of the 7th over - 0 runs, 1 hit, 0 errors, 1 left on base; Arizona 0 - Fresno 1
BOTTOM OF THE 7TH
Fresno Falcons batting - Pitching for Arizona Diamondbacks : RHP A.J. Evans
Pitching: RHP Rod Vogt
Batting: RHB Eric Alvares 0-0: Swinging Strike
0-1: Ground out 5-3 (Groundball, 5L, EV 94.4 MPH)
Batting: RHB Jack Montemayor 0-0: Ball
1-0: Called Strike
1-1: Swinging Strike
1-2: Strikes out swinging
Batting: LHB Everett Hardin 0-0: Called Strike
0-1: Fly out, F8 (Line Drive, 8RM, EV 85.6 MPH)
Bottom of the 7th over - 0 runs, 0 hits, 0 errors, 0 left on base; Arizona 0 - Fresno 1
TOP OF THE 8TH
Arizona Diamondbacks batting - Pitching for Fresno Falcons : LHP Gary Spears
Batting: RHB Gaius Raton 0-0: Ball
1-0: Foul Ball, location: 9LSF
1-1: Foul Ball, location: 2F
1-2: Ball
2-2: Foul Ball, location: 23F
2-2: Strikes out swinging
Pinch Hitting: RHB Jodie Molen 0-0: Ball
1-0: Ball
2-0: Ground out 5-3 (Groundball, 5, EV 98.1 MPH)
Pinch Hitting: RHB Tadd Bateman 0-0: Ball
1-0: Fly out, F6 (Popup, 6M, EV 65.0 MPH)
Top of the 8th over - 0 runs, 0 hits, 0 errors, 0 left on base; Arizona 0 - Fresno 1
BOTTOM OF THE 8TH
Fresno Falcons batting - Pitching for Arizona Diamondbacks : RHP Rod Vogt
Now at 1B: Michael Freeman
Now at SS: Tadd Bateman
Now in RF: Enrique Mata
Batting: RHB Cody McGuire 0-0: Fly out, F9 (Line Drive, 9LS, EV 96.3 MPH)
Batting: SHB John Wheeler 0-0: Ball
1-0: Called Strike
1-1: Foul Ball, location: 5F
1-2: Strikes out swinging
Batting: LHB Luca Flores 0-0: Foul Ball, location: 3FF
0-1: Called Strike
0-2: Foul Ball, location: 7LDF
0-2: Foul Ball, location: 9LSFF
0-2: Strikes out swinging
Bottom of the 8th over - 0 runs, 0 hits, 0 errors, 0 left on base; Arizona 0 - Fresno 1
TOP OF THE 9TH
Arizona Diamondbacks batting - Pitching for Fresno Falcons : LHP Gary Spears
Pitching: RHP Gregg Walters
Batting: LHB Glenn Pichardo 0-0: Ball
1-0: Ground out 4-3 (Groundball, 4, EV 99.4 MPH)
Batting: RHB Duncan Hancock 0-0: Ball
1-0: Ball
2-0: Called Strike
2-1: Ball
3-1: Foul Ball, location: 9LMF
3-2: Strikes out swinging
Pinch Hitting: LHB Oliver Paradis 0-0: Called Strike
0-1: Ball
1-1: Ball
2-1: Ground out 1-3 (Groundball, 34S, EV 70.6 MPH)
Top of the 9th over - 0 runs, 0 hits, 0 errors, 0 left on base; Arizona 0 - Fresno 1
Friday, April 19th , 2024 - OOTP Baseball 24.11 Build 85